 Dungeon Crawl Stone Soup version 0.14-a0-736-g2a71271 (webtiles) character file.

740 Malachi the Changer (level 7, -2/53 HPs)
             Began as a Yellow Draconian Transmuter on Nov 7, 2013.
             Was an Initiate of Kikubaaqudgha.
             Slain by Duvessa
             ... wielding a +2,+1 elven short sword of venom
              (8 damage)
             ... on Level 5 of the Dungeon.
             The game lasted 00:10:34 (4848 turns).

Malachi the Changer (Yellow Draconian Transmuter)   Turns: 4848, Time: 00:10:35

HP  -2/53        AC  7     Str 17      XL: 7   Next:  7%
MP   2/10        EV 12     Int 15      God: Kikubaaqudgha [......]
Gold 190         SH  0     Dex 12      Spells:  3 memorised,  4 levels left

Res.Fire  : . . .   See Invis. : .     - Unarmed
Res.Cold  : . . .   Warding    : .   (armour unavailable)
Life Prot.: . . .   Conserve   : .   (no shield)
Res.Poison: .       Res.Corr.  : +   (helmet restricted)
Res.Elec. : .       Clarity    : .   (no cloak)
Sust.Abil.: . .     Spirit.Shd : .   (no gloves)
Res.Mut.  : .       Stasis     : .   f - +0 pair of boots
Res.Rott. : .       Flight     : .   (no amulet)
Saprovore : . . .                    (no ring)
                                     u - +5 ring of strength

@: short of breath, very poisoned, very slightly contaminated, slowed, very
slow, slightly resistant to hostile enchantments, unstealthy
A: spit acid, acid resistance, unfitting armour, AC +6
a: Spit Acid, Renounce Religion


You were on level 5 of the Dungeon.
You worshipped Kikubaaqudgha.
Kikubaaqudgha was noncommittal.
You were hungry.

You visited 2 branches of the dungeon, and saw 6 of its levels.

You collected 190 gold pieces.

Inventory:

Missiles
 b - 12 arrows
 m - 4 needles of confusion
 o - an arrow of flame
Armour
 f - a +0 pair of boots (worn)
Comestibles
 a - 4 bread rations
 D - 3 meat rations
Scrolls
 g - a scroll of magic mapping {unknown}
 j - a scroll of fear
 k - a scroll of amnesia
 p - 3 scrolls of enchant weapon II
 q - a scroll of curse jewellery {unknown}
 s - a scroll of remove curse {unknown}
 t - a scroll of blinking {unknown}
Jewellery
 r - an uncursed ring of sustenance {unknown}
 u - a +5 ring of strength (left hand)
Potions
 c - a potion of flight
 e - a potion of poison {unknown}
 h - a potion of brilliance {unknown}
 i - a potion of restore abilities
 l - a potion of degeneration {unknown}
 n - 3 potions of curing
 z - 2 potions of speed {unknown}
 A - 2 potions of agility
Books
 d - a book of Changes

   Spells                             Type                      Level
   *Beastly Appendage                 Transmutation                1
   *Sticks to Snakes                  Transmutation                2
   *Spider Form                       Transmutation/Poison         3
   Ice Form                           Ice/Transmutation            4
   Blade Hands                        Transmutation                5


   Skills:
 - Level 1.3 Fighting
 - Level 2.1 Dodging
 - Level 3.9 Unarmed Combat
 - Level 2.0 Spellcasting
 * Level 5.5 Transmutations
 * Level 4.2 Poison Magic


You had 4 spell levels left.
You knew the following spells:

 Your Spells              Type           Power        Failure   Level  Hunger
a - Beastly Appendage     Trmt           ###...       1%          1    #......
b - Sticks to Snakes      Trmt           ###.......   3%          2    ###....
c - Spider Form           Trmt/Pois      ###.......   12%         3    ####...


Dungeon Overview and Level Annotations

Branches:
Dungeon (5/27)             Temple (1/1) D:4

Altars:
Ashenzari
Cheibriados
Elyvilon
Fedhas
Kikubaaqudgha
Makhleb
Nemelex Xobeh
Okawaru
Sif Muna
Trog
Vehumet
Xom
Yredelemnul
Zin
the Shining One

Annotations:
D:5 Dowan; Duvessa; timbw's ghost, average TrGl


Message History

You are more poisoned.
Dowan closely misses you.
Use which ability? (? or * to list)
Your transformation has ended.
You fall off the wall.
Your +0 pair of boots unmelds from your body.
* * * LOW HITPOINT WARNING * * *
You feel sick.
Duvessa hits you with an elven short sword of venom.
* * * LOW HITPOINT WARNING * * *
Dowan zaps a wand.
You feel as though you will be slow longer.
Duvessa hits you with an elven short sword of venom.
* * * LOW HITPOINT WARNING * * *
Dowan gestures wildly while chanting.
Dowan blinks!
Duvessa gestures with her weapon.
Duvessa hits you with an elven short sword of venom!
You die...
Kikubaaqudgha rasps: "You have failed me!
Welcome... death!"

........#### #####'##
........'..# #........
........##.## #........
........##..# #........#
........###.###..e.....#
...<...# #...#........#
......# ###.'......(.#
.....# ###........#
....# #.@e.....# #
###ยง###### #..# #.## #.
e. ... e.. ....


You could see Duvessa and Dowan.

Vanquished Creatures
  2 ogres
  Blork the orc (D:5)
  A crimson imp (D:5)
  A giant frog zombie (D:5)
  A scorpion (D:4)
  3 worker ants
  3 gnolls (D:2)
  2 adders
  4 worms
  4 giant geckos
  3 orcs
  9 bats
  A gnoll skeleton (D:4)
  20 goblins
  13 hobgoblins
  4 jackals (D:2)
  3 ball pythons
  6 giant cockroaches
  4 giant newts
  7 kobolds
  An orc skeleton (D:4)
  7 rats
100 creatures vanquished.

Notes
Turn   | Place    | Note
--------------------------------------------------------------
     0 | D:1      | Malachi, the Draconian Transmuter, began the quest for the Orb.
     0 | D:1      | Reached XP level 1. HP: 16/16 MP: 1/1
   335 | D:1      | Reached XP level 2. HP: 18/23 MP: 0/3
   725 | D:1      | Reached XP level 3. HP: 28/28 MP: 2/4
   735 | D:1      | Learned a level 2 spell: Sticks to Snakes
   739 | D:1      | Learned a level 3 spell: Spider Form
  1519 | D:2      | Reached skill level 1 in Poison Magic
  1914 | D:2      | Reached XP level 4. HP: 32/35 MP: 4/6
  2642 | D:3      | Reached XP level 5. HP: 37/40 MP: 7/7
  2806 | D:3      | Noticed an ogre
  2822 | D:3      | Killed an ogre
  2822 | D:3      | Reached skill level 4 in Transmutations
  3093 | D:4      | Found a staircase to the Ecumenical Temple.
  3119 | Temple   | Entered the Ecumenical Temple
  3330 | Temple   | Became a worshipper of Kikubaaqudgha
  3676 | D:4      | Reached XP level 6. HP: 30/47 MP: 9/9
  4262 | D:5      | Entered Level 5 of the Dungeon
  4262 | D:5      | Noticed Blork the orc
  4277 | D:4      | Reached skill level 5 in Transmutations
  4492 | D:5      | Killed Blork the orc
  4707 | D:5      | Your scales start taking on a golden yellow colour.
  4707 | D:5      | Reached XP level 7. HP: 50/53 MP: 10/10
  4771 | D:5      | Noticed timbw's ghost (average TrGl)
  4824 | D:5      | Noticed Duvessa
  4825 | D:5      | Noticed Dowan
  4848 | D:5      | Slain by Duvessa

Action                   |  1- 3 |  4- 6 |  7- 9 || total
-------------------------+-------+-------+-------++-------
Melee: Unarmed           |   181 |   223 |    17 ||   421
 Cast: Beastly Appendage |    13 |     4 |       ||    17
       Spider Form       |       |     6 |     1 ||     7
 Abil: End Transformatio |       |     3 |     1 ||     4
       Spit Acid         |       |       |     1 ||     1
  Use: Scroll            |       |    11 |       ||    11
